 Dungeon Crawl Stone Soup version 0.29-a0-283-ga02f740833 (webtiles) character file.

Game seed: 4645837614484895530

175 Morbidden the Shooter (level 5, -3/41 HPs)
             Began as a Palentonga Hunter on Mar 13, 2022.
             Slain by Duvessa
             ... wielding a +0 short sword
              (5 damage)
             ... on level 4 of the Dungeon.
             The game lasted 00:02:48 (3408 turns).

Morbidden the Shooter (Palentonga Hunter)           Turns: 3408, Time: 00:02:49

Health: -3/41      AC:  7    Str: 14    XL:     5   Next: 29%
Magic:  6/6        EV:  9    Int: 11    God:
Gold:   223        SH:  0    Dex: 20    Spells: 5/5 levels left

rFire   . . .      SeeInvis +   b - +2 long sword (elec)
rCold   . . .      Faith    .   (no shield)
rNeg    . . .      Spirit   .   w - +2 ring mail {rPois}
rPois   +          Reflect  .   (no helmet)
rElec   .          Harm     .   (no cloak)
rCorr   .          Rampage  .   (no gloves)
Will    .....                   (no barding)
Stlth   +.........              (no amulet)
HPRegen 0.13/turn               g - +6 ring of dexterity
MPRegen 0.10/turn               (no ring)

@: no status effects
A: large, rugged brown scales 3, see invisible, deformed body, roll 1, armoured
tail
a: Rolling Charge


You were on level 4 of the Dungeon.
You visited 1 branch of the dungeon, and saw 4 of its levels.

You collected 223 gold pieces.

Inventory:

Hand Weapons
 a - a +1 shortbow
 b - a +2 long sword of electrocution (weapon)
Armour
 u - a +0 chain mail
 w - a +2 ring mail of poison resistance (worn)
Jewellery
 g - a +6 ring of dexterity (left hand)
Scrolls
 c - 2 scrolls of immolation
 e - 3 scrolls of enchant armour {unknown}
 h - 3 scrolls of identify {unknown}
 j - a scroll of enchant weapon {unknown}
 k - 3 scrolls of amnesia {unknown}
 l - a scroll of brand weapon {unknown}
 n - 2 scrolls of vulnerability {unknown}
 o - 2 scrolls of fear {unknown}
 p - 3 scrolls of teleportation {unknown}
 s - a scroll of summoning {unknown}
Potions
 d - a potion of berserk rage {unknown}
 f - a potion of magic {unknown}
 i - 2 potions of attraction {unknown}
 m - 2 potions of heal wounds {unknown}
 q - a potion of invisibility {unknown}
 t - a potion of might {unknown}
 v - a potion of curing {unknown}


   Skills:
 * Level 2.6 Fighting
 + Level 0.4 Long Blades
 + Level 4.3 Bows
 + Level 1.2 Armour
 * Level 2.5 Dodging
 + Level 0.6 Stealth
 * Level 0.9 Spellcasting


You had 5 spell levels left.
You didn't know any spells.
Your spell library contained the following spells:

 Spells                   Type           Power      Damage    Failure   Level
 Magic Dart               Conj           0%         1d3       56%         1
 Call Imp                 Summ           0%         N/A       71%         2
 Mephitic Cloud           Conj/Pois/Air  0%         N/A       90%         3


Dungeon Overview and Level Annotations

Branches:
Dungeon (4/15)
 Temple: D:4-7

Altars:
Sif Muna

Shops:
D:1 [[

Annotations:
D:4 Duvessa


Innate Abilities, Weirdness & Mutations

You are completely covered in rugged brown scales. (AC +3, +7% HP)
You have supernaturally acute eyesight. (SInv)
Armour fits poorly on your strangely shaped body.
You can roll at nearby foes to attack.
You have a long armoured tail.


Message History

Duvessa is lightly wounded.
Duvessa hits you with a +0 short sword.
Dowan gestures wildly while chanting.
Dowan blinks!
Duvessa closely misses you.
You hear the crackle of electricity.
b - a +2 long sword of electrocution (weapon)
Unknown command.
Unknown command.
You slash Duvessa!
Duvessa is moderately wounded.
Duvessa hits you but does no damage.
You hit Duvessa.
Duvessa is moderately wounded.
Duvessa hits you with a +0 short sword!
Dowan casts a spell at Duvessa.
Duvessa seems to speed up.
Duvessa hits you with a +0 short sword!
You slash Duvessa!
Duvessa is heavily wounded.
Duvessa hits you with a +0 short sword. Duvessa hits you with a +0 short sword!
You are too injured to fight recklessly!
You are too injured to fight recklessly!
You are too injured to fight recklessly!
You are too injured to fight recklessly!
You are too injured to fight recklessly!
Unknown command.
You slash Duvessa!
Duvessa is severely wounded.
Duvessa hits you but does no damage.
You barely miss Dowan.
Dowan is severely wounded.
Duvessa closely misses you. Duvessa hits you with a +0 short sword.
Dowan completely misses you.
Unknown command.
You slash Dowan! Lightning courses through Dowan!
You kill Dowan!
Duvessa weeps, and shakes her weapon.
Duvessa goes berserk!
Duvessa hits you with a +0 short sword!
* * * LOW HITPOINT WARNING * * *
Duvessa hits you with a +0 short sword.
You die...

.# .# .# .#
.# .#
###########)#
#.........@e#
#.###########
#.# #.# #.#
#.# #.# #.#
#.#


You could see Duvessa (berserk, fast).

Vanquished Creatures
  Dowan (D:4)
  A hound (D:3)
  Natasha (D:4)
  Robin (D:4)
  3 adders (D:3)
  A dart slug (D:1)
  6 orcs
  6 ball pythons
  7 endoplasms
  4 giant cockroaches
  6 hobgoblins
  3 jackals (D:1)
  7 kobolds
  A quokka (D:4)
  3 bats
  16 goblins
  2 rats (D:1)
69 creatures vanquished.

Vanquished Creatures (others)
  A goblin (D:4)
1 creature vanquished.

Grand Total: 70 creatures vanquished

Notes
Turn   | Place    | Note
-------+----------+-------------------------------------------
     0 | D:1      | Morbidden the Palentonga Hunter began the quest for the
                  | Orb.
     0 | D:1      | Reached XP level 1. HP: 17/17 MP: 1/1
   240 | D:1      | Reached XP level 2. HP: 23/23 MP: 2/2
   547 | D:1      | Found Likiuruv's Armour Emporium.
   591 | D:1      | Found Mootz's Antique Armour Shoppe.
   845 | D:2      | Reached XP level 3. HP: 28/28 MP: 3/3
  1546 | D:3      | Reached XP level 4. HP: 36/36 MP: 4/4
  1596 | D:3      | Reached skill level 4 in Bows
  1768 | D:3      | Found a shimmering blue altar of Sif Muna.
  1944 | D:3      | Reached skill level 1 in Armour
  2605 | D:4      | Noticed Natasha
  2610 | D:4      | Killed Natasha
  2611 | D:4      | Reached XP level 5. HP: 31/41 MP: 4/6
  2685 | D:4      | Noticed Robin
  2717 | D:4      | HP: 2/41 [goblin/+0 dagger[Robin] (4)]
  2722 | D:4      | HP: 2/41 [Robin/+0 spear (1)]
  2724 | D:4      | Killed Robin
  3394 | D:4      | Noticed Dowan
  3395 | D:4      | Noticed Duvessa
  3408 | D:4      | Killed Dowan
  3408 | D:4      | HP: 2/41 [Duvessa/+0 short sword (11)]
  3408 | D:4      | Slain by Duvessa

Illustrated notes

Levels and vault maps discovered:
D:1:      dpeg_arrival_chambers_temple_mockup, layout_loops_ring, serial_shops,
          nicolae_shop_behind_doors, shop_statue
D:2:      layout_loops_ring, guppyfry_early_orc_mine
D:3:      layout_rooms, amcnicky_altar_gilded, minmay_misc_feat_four_crosses,
          minmay_misc_feat_pillars
D:4:      layout_basic, uniq_natasha, uniq_duvessa, uniq_robin

Skill      XL: |  1  2  3  4 |
---------------+-------------+-----
Dodging        | 2 |  2.5
Bows           | 4 |  4.3
Armour         | 1 |  1.2
Fighting       | |  2.6
Long Blades    | |  0.4
Stealth        | |  0.6
Spellcasting   | |  0.9

Action                   |  1- 3 |  4- 6 || total
-------------------------+-------+-------++-------
Melee: Long sword        |       |    16 ||    16
       Tailslap          |       |     1 ||     1
 Fire: Shortbow          |    83 |    79 ||   162
 Abil: Rolling Charge    |       |     1 ||     1
Armor: Leather armour    |     6 |     6 ||    12
       Chain mail        |       |    44 ||    44
       Ring mail         |       |     2 ||     2
Dodge: Dodged            |    14 |    26 ||    40

Table legend: (Time is in decaauts)
 A = Elapsed time spent in this place.
 B = Non-inter-level travel time spent in this place.
 C = Inter-level travel time spent in this place.
 D = Time resting spent in this place.
 E = Time spent auto-exploring this place.
 F = Levels seen in this place.
 G = Mean time per level.
                   A        B        C        D        E       F      G
               +--------+--------+--------+--------+--------+-----+--------+
         Total |   3495 |   3405 |     90 |      0 |   2898 |   4 |  873.8 |
       Dungeon |   3495 |   3405 |     90 |      0 |   2898 |   4 |  873.8 |
               +--------+--------+--------+--------+--------+-----+--------+

Top non-repeatable levels by time:
     D:4: 1243 daAuts
     D:1: 834 daAuts
     D:2: 713 daAuts
     D:3: 704 daAuts
